General information
- name: BNet
- type: Ladder 1vs1/FFA
- host: Battle.net
- saver: Bugaloo_Shrimp
map: LostTemple
- players: 2
- length: 58:56
- speed: Fast
- version: 1.26 W3XP
- replay type: Public
» download(169 KB)
Players
team 1 (winner)
Bugaloo_Shrimp (
blue | 62 APM | 3630 actions | 58:56)
7 Archmage
3 Blizzard
3 Brilliance Aura
1 Mass Teleport
6 Blood Mage
3 Flame Strike
2 Banish
1 Summon Phoenix
» actions
| Assign group hotkey | 83 | |
| Basic commands | 92 | |
| Build / train | 168 | |
| ESC pressed | 5 | |
| Enter build submenu | 60 | |
| Enter hero's abilities submenu | 13 | |
| Give item / drop item | 9 | |
| Remove unit from queue | 1 | |
| Right click | 1395 | |
| Select / deselect | 1004 | |
| Select group hotkey | 391 | |
| Use ability | 408 | |
3630 total
» units
| Peasant | 17 | |
| Goblin Shredder | 1 | |
| Goblin Zeppelin | 2 | |
| Sorceress | 1 | |
| Gryphon Rider | 4 | |
| Goblin Sapper | 3 | |
| Dragonhawk Rider | 3 | |
| Siege Engine | 11 | |
42 total
» upgrades
| Masonry | 3 | |
| Swords | 3 | |
| Magic Sentry | 1 | |
| Sorceress Training | 2 | |
| Storm Hammers | 1 | |
| Armor | 3 | |
| Lumber Harvesting | 2 | |
| Animal War Training | 1 | |
| Gunpowder | 3 | |
| Cloud | 1 | |
| Barrage | 1 | |
| Plating | 3 | |
24 total
» buildings
| Altar of Kings | 1 | |
| Farm | 11 | |
| Lumber Mill | 1 | |
| Arcane Vault | 1 | |
| Scout Tower | 65 | |
| Arcane Tower | 11 | |
| Guard Tower | 20 | |
| Town Hall | 2 | |
| Blacksmith | 2 | |
| Keep | 3 | |
| Castle | 1 | |
| Arcane Sanctum | 2 | |
| Gryphon Aviary | 3 | |
| Barracks | 1 | |
| Workshop | 3 | |
127 total
» build order
00:06 Altar of Kings
00:25 Farm
00:27 Farm
00:49 Lumber Mill
01:07 Arcane Vault
01:14 Scout Tower
02:17 Arcane Tower
02:19 Scout Tower
02:41 Scout Tower
02:48 Arcane Tower
03:00 Scout Tower
03:01 Scout Tower
03:02 Scout Tower
03:05 Scout Tower
03:06 Scout Tower
03:07 Scout Tower
03:29 Guard Tower
03:31 Scout Tower
03:32 Scout Tower
03:49 Farm
03:52 Guard Tower
04:02 Arcane Tower
04:40 Town Hall
05:07 Scout Tower
05:08 Scout Tower
05:09 Scout Tower
05:14 Scout Tower
05:14 Scout Tower
05:15 Scout Tower
05:16 Scout Tower
05:46 Guard Tower
05:51 Scout Tower
05:52 Scout Tower
05:53 Guard Tower
05:58 Arcane Tower
06:02 Scout Tower
06:03 Scout Tower
06:04 Scout Tower
06:18 Guard Tower
07:27 Guard Tower
07:38 Guard Tower
07:52 Blacksmith
07:53 Farm
07:54 Farm
08:21 Guard Tower
08:46 Keep
08:46 Keep
09:11 Scout Tower
09:12 Scout Tower
09:13 Scout Tower
09:20 Scout Tower
09:20 Scout Tower
09:21 Scout Tower
09:22 Scout Tower
09:23 Scout Tower
09:24 Scout Tower
09:46 Arcane Tower
09:48 Guard Tower
09:48 Guard Tower
11:14 Castle
11:16 Arcane Sanctum
11:19 Arcane Sanctum
11:23 Arcane Tower
11:24 Guard Tower
13:12 Gryphon Aviary
13:13 Gryphon Aviary
13:15 Gryphon Aviary
16:48 Barracks
18:21 Scout Tower
18:22 Scout Tower
18:48 Scout Tower
19:17 Guard Tower
20:41 Guard Tower
22:34 Scout Tower
22:34 Scout Tower
22:35 Scout Tower
22:35 Scout Tower
22:36 Scout Tower
22:37 Scout Tower
22:39 Scout Tower
22:42 Scout Tower
23:12 Arcane Tower
23:14 Guard Tower
23:15 Scout Tower
23:17 Scout Tower
23:18 Scout Tower
23:19 Scout Tower
23:21 Scout Tower
23:22 Scout Tower
23:30 Guard Tower
23:35 Town Hall
23:37 Scout Tower
24:03 Guard Tower
24:55 Guard Tower
24:56 Scout Tower
26:01 Guard Tower
26:05 Arcane Tower
28:53 Scout Tower
28:55 Scout Tower
28:55 Scout Tower
29:04 Scout Tower
29:12 Arcane Tower
29:14 Guard Tower
29:19 Scout Tower
29:19 Scout Tower
29:20 Scout Tower
29:20 Scout Tower
29:21 Scout Tower
29:22 Scout Tower
29:22 Scout Tower
29:22 Scout Tower
29:38 Arcane Tower
29:45 Scout Tower
29:46 Scout Tower
30:09 Guard Tower
35:56 Arcane Tower
42:45 Workshop
42:47 Workshop
42:54 Workshop
45:42 Farm
45:43 Farm
45:48 Farm
45:50 Farm
45:52 Farm
49:02 Blacksmith
» items
| Mechanical Critter | 3 | |
| Scroll of Regeneration | 13 | |
| Lesser Clarity Potion | 6 | |
| Boots of Speed | 2 | |
| Potion of Invisibility | 1 | |
| Staff of Teleportation | 2 | |
| Periapt of Vitality | 1 | |
| Potion of Lesser Invulnerability | 3 | |
| Scroll of Town Portal | 6 | |
| Potion of Mana | 2 | |
| Potion of Healing | 9 | |
| Staff of Sanctuary | 1 | |
| Scroll of Healing | 1 | |
50 total
team 2 (loser)
Orc.Hax (
green | 62 APM | 3668 actions | 58:55)
6 Blademaster
2 Wind Walk
3 Critical Strike
1 Bladestorm
5 Shadow Hunter
3 Healing Wave
2 Hex
3 Tauren Chieftain
1 War Stomp
2 Endurance Aura
» actions
| Assign group hotkey | 25 | |
| Basic commands | 14 | |
| Build / train | 116 | |
| Enter build submenu | 71 | |
| Enter hero's abilities submenu | 14 | |
| Give item / drop item | 7 | |
| Remove unit from queue | 3 | |
| Right click | 2135 | |
| Select / deselect | 700 | |
| Select group hotkey | 393 | |
| Use ability | 190 | |
3668 total
» units
| Peon | 40 | |
| Demolisher | 4 | |
| Tauren | 4 | |
| Troll Batrider | 15 | |
| Goblin Shredder | 3 | |
| Goblin Zeppelin | 1 | |
| Wind Rider | 1 | |
68 total
» upgrades
| Shaman Training | 2 | |
| Burning Oil | 1 | |
| Spirit Walker Training | 1 | |
| Pulverize | 1 | |
| Liquid Fire | 1 | |
| Ranged Weapons | 3 | |
| Armor | 2 | |
11 total
» buildings
| Altar of Storms | 1 | |
| Orc Burrow | 26 | |
| Voodoo Lounge | 1 | |
| War Mill | 1 | |
| Stronghold | 2 | |
| Fortress | 3 | |
| Spirit Lodge | 1 | |
| Great Hall | 13 | |
| Barracks | 3 | |
| Tauren Totem | 1 | |
| Beastiary | 4 | |
| Watch Tower | 12 | |
68 total
» build order
00:07 Altar of Storms
00:16 Orc Burrow
00:51 Voodoo Lounge
01:00 War Mill
02:29 Stronghold
02:30 Stronghold
03:37 Orc Burrow
04:50 Fortress
04:51 Fortress
04:51 Fortress
05:23 Spirit Lodge
05:37 Orc Burrow
06:25 Orc Burrow
06:46 Great Hall
08:10 Great Hall
08:47 Barracks
08:49 Barracks
08:51 Tauren Totem
08:54 Barracks
10:48 Orc Burrow
11:41 Orc Burrow
13:02 Orc Burrow
15:03 Beastiary
15:08 Beastiary
15:10 Beastiary
15:15 Beastiary
15:18 Orc Burrow
19:05 Great Hall
20:39 Orc Burrow
20:42 Orc Burrow
21:55 Great Hall
22:08 Great Hall
22:25 Orc Burrow
22:28 Orc Burrow
22:31 Watch Tower
22:33 Watch Tower
24:50 Great Hall
26:39 Orc Burrow
26:46 Orc Burrow
28:05 Great Hall
29:55 Great Hall
30:05 Orc Burrow
33:30 Orc Burrow
35:07 Orc Burrow
38:11 Watch Tower
39:10 Watch Tower
39:18 Watch Tower
39:27 Orc Burrow
39:37 Watch Tower
41:14 Watch Tower
41:17 Watch Tower
41:27 Watch Tower
42:08 Great Hall
42:43 Watch Tower
42:47 Watch Tower
42:56 Watch Tower
45:52 Great Hall
47:55 Great Hall
55:22 Great Hall
55:25 Orc Burrow
55:30 Orc Burrow
55:33 Orc Burrow
55:36 Orc Burrow
55:57 Great Hall
56:01 Orc Burrow
56:02 Orc Burrow
56:05 Orc Burrow
56:08 Orc Burrow
» items
| Healing Salve | 1 | |
| Lesser Clarity Potion | 1 | |
| Dust of Appearance | 3 | |
| Boots of Speed | 3 | |
| Staff of Teleportation | 3 | |
11 total
Chat log
(56:19 / All) Orc.Hax: ur such a cheating bitch
(56:22 / All) Bugaloo_Shrimp: LOL!
(57:30 / All) Bugaloo_Shrimp: most obvious hacker in history cries
(57:34 / All) Bugaloo_Shrimp: classic
(57:39 / All) Orc.Hax: lol
(57:45 / All) Orc.Hax: ur cheathing like a mother
(57:49 / All) Orc.Hax: its soo obvious
(57:49 / All) Bugaloo_Shrimp: learn to spell
(57:53 / All) Bugaloo_Shrimp: im scouting, you're cheating
(57:58 / All) Orc.Hax: LOL
(57:59 / All) Orc.Hax: LOL
(58:01 / All) Orc.Hax: i see u
(58:03 / All) Bugaloo_Shrimp: pro
(58:05 / All) Bugaloo_Shrimp: wait
(58:06 / All) Bugaloo_Shrimp: wait
(58:07 / All) Bugaloo_Shrimp: you see me
(58:08 / All) Bugaloo_Shrimp: how?
(58:10 / All) Orc.Hax: i see u yea
(58:16 / All) Bugaloo_Shrimp: how is it you see me if you dont cheat?
(58:16 / All) Orc.Hax: and u see me cause ur fucking cheathing too
(58:23 / All) Bugaloo_Shrimp: i dont see you dude, i scout
(58:25 / All) Bugaloo_Shrimp: arcane towers
(58:28 / All) Orc.Hax: rofl
(58:51 / All) Bugaloo_Shrimp: god ur so bad
(58:54 / All) Bugaloo_Shrimp: no wonder u maphack